 Dungeon Crawl Stone Soup version 0.23-a0-741-g38971ea054 (webtiles) character file.

2595 DEFE the Cleaver (level 9, -20/123 HPs)
             Began as a Hill Orc Fighter on Jan 18, 2019.
             Demolished by Joseph
             ... wielding a +0 quarterstaff
              (26 damage)
             ... on level 7 of the Dungeon.
             The game lasted 00:06:04 (6651 turns).

DEFE the Cleaver (Hill Orc Fighter)                 Turns: 6651, Time: 00:06:05

Health: -20/123    AC:  9    Str: 27    XL:     9   Next: 59%
Magic:  9/9        EV: 11    Int:  8    God:
Gold:   501        SH: 10    Dex: 10    Spells: 8/8 levels left

rFire    . . .     SeeInvis .   p - +2 spear (venom)
rCold    . . .     Gourm    .   c - +0 shield
rNeg     . . .     Faith    .   b - +0 scale mail
rPois    .         Spirit   .   (no helmet)
rElec    .         Reflect  .   (no cloak)
rCorr    .         Harm     .   B - +0 pair of gloves
MR       .....                  (no boots)
Stlth    ..........             (no amulet)
HPRegen  0.30/turn              g - ring of flight
MPRegen  0.11/turn              n - +3 ring of evasion

@: berserking, very quick
A: no striking features
a: Evoke Flight


You were on level 7 of the Dungeon.
You were very hungry.

You visited 2 branches of the dungeon, and saw 8 of its levels.

You collected 501 gold pieces.

Inventory:

Hand Weapons
 a - a +0 war axe
 p - a +2 spear of venom (weapon)
Armour
 b - a +0 scale mail (worn)
 c - a +0 shield (worn)
 B - a +0 pair of gloves (worn)
Jewellery
 g - a ring of flight (left hand)
 n - a +3 ring of evasion (right hand)
 C - an uncursed amulet of faith {unknown}
Wands
 x - a wand of flame (12)
 H - a wand of acid (8)
Scrolls
 e - 6 scrolls of remove curse {unknown}
 i - 4 scrolls of teleportation {unknown}
 j - 3 scrolls of magic mapping {unknown}
 q - a scroll of enchant armour {unknown}
 r - 5 scrolls of amnesia {unknown}
 u - a scroll of fog {unknown}
 v - 2 scrolls of fear {unknown}
 y - a scroll of immolation {unknown}
 D - 2 scrolls of identify {unknown}
 E - a scroll of enchant weapon {unknown}
 G - a scroll of blinking {unknown}
Potions
 d - a potion of lignification {unknown}
 h - 3 potions of haste
 k - a potion of heal wounds {unknown}
 l - 3 potions of curing {unknown}
 m - 2 potions of degeneration {unknown}
 o - 2 potions of cancellation {unknown}
 t - a potion of magic {unknown}
 w - a potion of brilliance {unknown}
 z - 2 potions of flight {unknown}
 A - 3 potions of agility {unknown}
 F - a potion of might
Comestibles
 f - 10 rations


   Skills:
 + Level 8.3 Fighting
 * Level 11.6 Axes
 + Level 7.6 Armour
 - Level 0.1 Dodging
 - Level 4.0 Shields


You had 8 spell levels left.
You didn't know any spells.
Your spell library contained the following spells:

 Spells                   Type           Power        Failure   Level  Hunger
 Magic Dart               Conj           #...         98%         1    ##.....
 Blink                    Tloc           N/A          99%         2    ###....
 Call Imp                 Summ           #.......     99%         2    ###....
 Slow                     Hex            #.......     99%         2    ###....
 Conjure Flame            Conj/Fire      #.......     100%        3    ####...
 Mephitic Cloud           Conj/Pois/Air  #.......     100%        3    ####...


Dungeon Overview and Level Annotations

Branches:
Dungeon (7/15)             Temple (1/1) D:4

Altars:
Cheibriados
Dithmenos
Elyvilon
Fedhas
Gozag
Kikubaaqudgha
Makhleb
Nemelex Xobeh
Okawaru
Qazlal
Ru
Sif Muna
Trog
Uskayaw
Vehumet
Xom
Yredelemnul
Zin
The Shining One

Annotations:
D:7 Joseph


Message History

Joseph hits you with a +0 quarterstaff!!
* * * LOW HITPOINT WARNING * * *
You take 25 damage, and have 18/82 hp.
MASSIVE DAMAGE!!
Unknown command.
You block Joseph's attack. Joseph barely misses you.
Joseph hits you with a +0 quarterstaff!
* * * LOW HITPOINT WARNING * * *
You take 11 damage, and have 8/82 hp.
Unknown command.
A red film seems to cover your vision as you go berserk!
You feel yourself moving faster!
You feel mighty! Joseph hits you with a +0 quarterstaff!
* * * LOW HITPOINT WARNING * * *
You now have 5/123 hp.
Unknown command.
You puncture Joseph!
Joseph hits you with a +0 quarterstaff!!
You die...

......# #....... .....
####.##. .... . #.##. #(K ..
#...[ #)# .. ##... #####(####
.### #.#.
#....(...######..... #.#.
#........#.......### #####.#.
#.......K.K@@....... #.......
#....#...#.......### #.###...
#.......##.......## ......
#.....#.......###.# #..##...
#.....#..########.## #[ ##...
#.....[............ # .....
#....##..#.......#.# #.###..
#######..#........<...#......
#............#..##.####


You could see Joseph (berserk) and 2 kobolds.

Vanquished Creatures
  A hippogriff (D:7)
  Sigmund (D:2)
  2 sky beasts
  2 black bears
  3 ogres
  2 phantoms
  3 centaurs
  A hornet zombie (D:7)
  A crocodile (D:6)
  A big kobold (D:7)
  2 bullfrogs
  A howler monkey (D:6)
  2 crimson imps
  A bullfrog skeleton (D:6)
  4 hounds
  2 orc priests (D:5)
  Natasha (twice) (D:3)
  2 orc wizards
  6 worker ants
  2 worker ant zombies (D:6)
  6 gnolls
  11 adders
  A howler monkey skeleton (D:6)
  An ooze (D:6)
  3 adder skeletons
  2 worms (D:3)
  A dart slug (D:1)
  3 leopard geckos
  10 orcs
  6 bats
  9 giant cockroaches
  7 goblins
  5 hobgoblins
  3 jackals (D:2)
  10 kobolds
  3 quokkas
  A ball python (D:4)
  6 frilled lizards
  A giant cockroach zombie (D:5)
  A leopard gecko skeleton (D:4)
  A leopard gecko zombie (D:5)
  9 rats
141 creatures vanquished.

Notes
Turn   | Place    | Note
-------+----------+-------------------------------------------
     0 | D:1      | DEFE the Hill Orc Fighter began the quest for the Orb.
     0 | D:1      | Reached XP level 1. HP: 19/19 MP: 1/1
    61 | D:1      | Reached XP level 2. HP: 27/27 MP: 2/2
   447 | D:2      | Reached XP level 3. HP: 33/33 MP: 3/3
   491 | D:2      | Reached skill level 3 in Axes
   919 | D:2      | Reached XP level 4. HP: 32/40 MP: 4/4
   964 | D:2      | Noticed Sigmund
   978 | D:2      | Killed Sigmund
   978 | D:2      | Reached skill level 5 in Axes
   978 | D:2      | Reached XP level 5. HP: 11/47 MP: 5/5
   978 | D:2      | Reached XP level 6. HP: 13/55 MP: 6/6
  1590 | D:3      | You fall through a shaft for 3 floors!
  1598 | D:6      | Reached skill level 5 in Fighting
  1598 | D:6      | Reached skill level 6 in Axes
  1650 | D:5      | Entered Level 5 of the Dungeon
  1857 | D:3      | Noticed a phantom
  1875 | D:3      | Killed a phantom
  1945 | D:3      | Reached XP level 7. HP: 16/61 MP: 7/7
  2522 | D:3      | Reached skill level 5 in Armour
  2546 | D:3      | Noticed Natasha
  2552 | D:3      | Killed Natasha
  2591 | D:3      | Reached skill level 7 in Axes
  2662 | D:3      | Noticed Natasha
  2664 | D:3      | Killed Natasha
  3281 | D:4      | Found a staircase to the Ecumenical Temple.
  3289 | D:4      | Reached skill level 8 in Axes
  3297 | Temple   | Entered the Ecumenical Temple
  3534 | D:4      | Reached XP level 8. HP: 64/70 MP: 8/8
  3799 | D:5      | Reached skill level 9 in Axes
  4673 | D:6      | Found a glowing golden altar of the Shining One.
  4714 | D:6      | Reached skill level 10 in Axes
  5014 | D:6      | Reached XP level 9. HP: 53/79 MP: 9/9
  5985 | D:7      | Reached skill level 11 in Axes
  6614 | D:7      | Noticed Joseph
  6650 | D:7      | HP: 5/123 [Joseph/+0 quarterstaff (7)]
  6651 | D:7      | Demolished by Joseph

Vault maps used:
D:1:      scummos_arrival_simple_fountains
D:2:      hangedman_abyss_or_decor_stabs, uniq_sigmund
D:3:      first_ration, uniq_natasha
D:4:      minmay_temple_entry_junction
D:5:      chequers_mini_garden
D:6:      kennysheep_mini_moat, minmay_circle_x
D:7:      uniq_harold, uniq_joseph
Temple:   hc_temple_tempest_star

Skill      XL: |  1  2  3  4  5  6  7  8  9 |
---------------+----------------------------+-----
Axes           | 3 5 6 8 10 11 | 11.6
Fighting       | 4 5 6 7 8 |  8.3
Shields        | 4 |  4.0
Armour         | 4 5 6 7 |  7.6
Dodging        | |  0.1

Action                   |  1- 3 |  4- 6 |  7- 9 || total
-------------------------+-------+-------+-------++-------
Melee: War axe           |   122 |    89 |    10 ||   221
       Spear             |       |       |   418 ||   418
  Use: Potion            |       |     1 |     1 ||     2
  Eat: Chunk             |       |     3 |     8 ||    11
       Ration            |       |       |     2 ||     2
Armor: Scale mail        |    67 |    23 |   115 ||   205
Dodge: Dodged            |    30 |    28 |   134 ||   192
Block: Shield            |    63 |    43 |   158 ||   264

Table legend:
 A = Non-vault XP
 B = Vault XP
 C = Vault XP percentage of total XP
 D = Non-vault monster count
 E = Vault monster count
 F = Vault count percentage of total count
                 A         B        C        D         E       F
            +---------+---------+-------+---------+---------+-------
      Total |    3325 |     383 |  10.3 |     132 |       9 |   6.4
            +---------+---------+-------+---------+---------+-------
        D:1 |      31 |       0 |   0.0 |      17 |       0 |   0.0
        D:2 |      66 |     242 |  78.6 |      20 |       1 |   4.8
        D:3 |     253 |      35 |  12.2 |      22 |       1 |   4.3
        D:4 |     530 |       0 |   0.0 |      21 |       0 |   0.0
        D:5 |     450 |       0 |   0.0 |      13 |       0 |   0.0
        D:6 |    1060 |     106 |   9.1 |      22 |       7 |  24.1
        D:7 |     935 |       0 |   0.0 |      17 |       0 |   0.0
            +---------+---------+-------+---------+---------+-------
